 Dungeon Crawl Stone Soup version 0.30-a0-626-gd6a5dd7a1f (webtiles) character file.

Game seed: 17910641279147923261

1094 NinjaNoafa the Shooter (level 8, -2/61 HPs)
             Began as a Barachi Hunter on Jan 12, 2023.
             Was an Initiate of Okawaru.
             Slain by a water moccasin (7 damage)
             ... on level 5 of the Dungeon.
             The game lasted 00:17:10 (5014 turns).

NinjaNoafa the Shooter (Barachi Hunter)             Turns: 5014, Time: 00:17:10

Health: -2/61      AC:  3    Str:  9 (11) XL:     8   Next: 31%
Magic:  8/8        EV: 14    Int:  7 (9)  God:    Okawaru [......]
Gold:   358        SH:  0    Dex: 20 (22) Spells: 7/7 levels left

rFire   + . .      SeeInvis +    b - +7 dagger of Peexaan {venom, rElec rF+ rC++ SInv}
rCold   + + .      Faith    .    (no shield)
rNeg    . . .      Spirit   .    c - +0 leather armour
rPois   .          Reflect  .    (no helmet)
rElec   +          Harm     .    (no cloak)
rCorr   .          Rampage  .    (no gloves)
Will    .....                    (no boots)
Stlth   ++                       (no amulet)
HPRegen 0.30/turn                (no ring)
MPRegen 0.11/turn                (no ring)

@: slow
A: amphibious, slowness 1, strong legs 1, +LOS, hooves 1, agile 1
a: Hop, Renounce Religion


You were on level 5 of the Dungeon.
You worshipped Okawaru.
Okawaru was noncommittal.
You visited 1 branch of the dungeon, and saw 5 of its levels.
You also visited: Ossuary.

You collected 358 gold pieces.

Inventory:

Hand Weapons
 a - a +0 shortbow
 b - the +7 dagger of Peexaan (weapon) {venom, rElec rF+ rC++ SInv}
   (You found it on level 4 of the Dungeon)

   rF:        It protects you from fire.
   rC:        It greatly protects you from cold.
   rElec:     It insulates you from electricity.
   SInv:      It lets you see invisible.
Missiles
 j - 13 poisoned darts
Armour
 c - a +0 leather armour (worn)
Wands
 m - a wand of polymorph (7)
 B - a wand of iceblast (3)
Scrolls
 d - a scroll of fear {unknown}
 h - 3 scrolls of teleportation
 i - 3 scrolls of noise
 k - 4 scrolls of enchant weapon
 n - a scroll of butterflies
 q - a scroll of torment {unknown}
 t - a scroll of fog {unknown}
 u - a scroll of acquirement {unknown}
 v - a scroll of blinking {unknown}
 w - a scroll of immolation
 y - a scroll of amnesia {unknown}
Potions
 f - 2 potions of lignification
 g - 2 potions of heal wounds
 p - 3 potions of flight
 r - a potion of resistance {unknown}
 s - a potion of mutation
 x - a potion of berserk rage {unknown}
 z - a potion of invisibility {unknown}
 A - a potion of magic {unknown}
 C - a potion of might {unknown}


   Skills:
 - Level 4.8 Fighting
 + Level 3.3 Short Blades
 - Level 7.8 Ranged Weapons
 - Level 4.4 Dodging
 - Level 3.0 Stealth


You had 7 spell levels left.
You didn't know any spells.
Your spell library contained the following spells:

 Spells                   Type           Power      Damage    Failure   Level
 Magic Dart               Conj           0%         1d3       54%         1
 Slow                     Hex            0%         N/A       54%         1
 Cigotuvi's Dreadful Rot  Necr/Pois/Air  0%         N/A       69%         2
 Poisonous Vapours        Pois/Air       0%         N/A       69%         2
 Searing Ray              Conj           0%         2d4       69%         2
 Confusing Touch          Hex            0%         N/A       89%         3
 Mephitic Cloud           Conj/Pois/Air  0%         N/A       89%         3
 Vampiric Draining        Necr           0%         2d6       89%         3
 Fulminant Prism          Conj/Hex       0%         3d5       100%        4


Dungeon Overview and Level Annotations

Branches:
Dungeon (5/15)            Ossuary (visited)
 Temple: D:4-7

Altars:
Fedhas
Kikubaaqudgha
Makhleb
Okawaru
Qazlal
Sif Muna

Annotations:
D:4 2 runed translucent doors, pigah's ghost, amateur OpWn


Innate Abilities, Weirdness & Mutations

You are amphibious.
You cover ground slowly.
You can hop short distances.
You have an extended range of vision and can be seen from far away.
You have large cloven feet.
You are agile. (Dex +4, Str/Int -1)


Message History

* * * LOW HITPOINT WARNING * * *
The gnoll hits you but does no damage.
The +7 dagger of Peexaan {venom, rElec rF+ rC++ SInv} begins to drip with poison!
b - the +7 dagger of Peexaan (weapon)
{venom, rElec rF+ rC++ SInv} The water moccasin bites you but does no damage.
You barely miss the water moccasin.
The water moccasin is moderately wounded.
The gnoll hits you but does no damage. The water moccasin bites you.
* * * LOW HITPOINT WARNING * * *
You hit the water moccasin.
The water moccasin looks as sick as possible!
The water moccasin is moderately wounded.
The gnoll hits you but does no damage.
The water moccasin bites you but does no damage.
Okay, then.
Okay, then.
It was a potion of mutation.
You feel extremely strange.
Your feet thicken and deform.
You feel agile. The water moccasin barely misses you.
The gnoll hits you from afar with a +0 spear.
* * * LOW HITPOINT WARNING * * *
It was a potion of degeneration.
There was something very wrong with that liquid.
You feel weakened.
You feel dopey.
You feel clumsy.
The water moccasin bites you but does no damage.
The gnoll hits you but does no damage.
The water moccasin bites you but does no damage.
It was a potion of cancellation.
Your magical effects are unravelling.
You feel magically purged.
You feel less wooden.
Your +0 leather armour unmelds from your body.
The water moccasin bites you.
* * * LOW HITPOINT WARNING * * *
The gnoll closely misses you.
Okay, then.
You hit the water moccasin. Your kick misses the water moccasin.
The water moccasin is severely wounded.
The water moccasin bites you!
You die...

##.##.#######.#.#
..........# #...#
....†.....# ###.#
..........# #)#
##.##.##### #.#
##.##.# #.#
##.##.# #.#
######
##.##.######
#.###.......
...........#
#.@Sn.......
...........#
#.##g.......
...........# #.#
........
...........# #.#
#.......
...........## #.#
.......
............# #.#
......!
............# #.#
......
............# #.#
.####.
#########...# #.#
..


You could see a water moccasin (very poisoned), a necrophage and a gnoll.

Vanquished Creatures
  Duvessa (D:4)
  An ogre (D:5)
  An elf zombie (Ossuary)
  A scorpion (D:3)
  Dowan (D:4)
  A vampire bat (D:4)
  2 centaur zombies (Ossuary)
  A human zombie (Ossuary)
  A gnoll bouda (D:5)
  A hound (D:4)
  Jessica (D:2)
  Natasha (thrice) (D:3)
  Terence (D:2)
  An iguana (D:5)
  3 ogre zombies (Ossuary)
  7 mummies (Ossuary)
  Robin (D:2)
  5 adders
  7 gnolls
  An adder zombie (Ossuary)
  2 worms
  5 dart slugs
  4 orcs
  2 ball pythons
  2 bat skeletons (D:4)
  2 bat zombies (D:4)
  8 endoplasms
  6 giant cockroaches
  A gnoll zombie (Ossuary)
  13 goblins
  10 hobgoblins
  7 kobolds
  3 quokkas
  3 bats
  2 frilled lizards
  5 goblin zombies (Ossuary)
  4 hobgoblin zombies (Ossuary)
  4 kobold zombies (Ossuary)
  An orc zombie (Ossuary)
  5 quokka zombies (Ossuary)
  3 rats
  2 rat zombies (Ossuary)
135 creatures vanquished.

Notes
Turn   | Place    | Note
-------+----------+-------------------------------------------
     0 | D:1      | NinjaNoafa the Barachi Hunter began the quest for the Orb.
     0 | D:1      | Reached XP level 1. HP: 17/17 MP: 1/1
   130 | D:1      | Reached skill level 1 in Stealth
   217 | D:1      | Reached XP level 2. HP: 23/23 MP: 2/2
   217 | D:1      | Found a faded altar of an unknown god.
   453 | D:2      | Noticed Jessica
   516 | D:2      | Reached XP level 3. HP: 21/28 MP: 3/3
   651 | D:2      | Killed Jessica
   652 | D:2      | Reached XP level 4. HP: 9/35 MP: 4/4
   867 | D:2      | Noticed Robin
  1015 | D:2      | Noticed Terence
  1049 | D:2      | Killed Terence
  1145 | D:2      | Killed Robin
  1146 | D:2      | Reached XP level 5. HP: 30/42 MP: 5/5
  1428 | D:3      | Found a shimmering blue altar of Sif Muna.
  1483 | D:3      | Noticed Natasha
  1493 | D:3      | Killed Natasha
  2114 | D:3      | Noticed Natasha
  2117 | D:3      | Killed Natasha
  2337 | D:3      | Noticed Natasha
  2340 | D:3      | Killed Natasha
  2341 | D:3      | Reached XP level 6. HP: 48/48 MP: 6/6
  2378 | D:3      | Reached skill level 5 in Ranged Weapons
  2479 | D:4      | Found a sand-covered staircase.
  2488 | Ossuary  | Entered an ossuary
  2794 | Ossuary  | Reached skill level 6 in Ranged Weapons
  2794 | Ossuary  | Reached XP level 7. HP: 34/55 MP: 7/7
  3521 | D:4      | Noticed Dowan
  3524 | D:4      | Noticed Duvessa
  3568 | D:4      | Killed Duvessa
  3569 | D:4      | Reached skill level 7 in Ranged Weapons
  3579 | D:4      | Killed Dowan
  3797 | D:4      | Identified the +7 dagger of Peexaan {venom, rElec rF+ rC++
                  | SInv}
  3873 | D:4      | Found a large runed translucent door.
  3873 | D:4      | Found a large runed translucent door.
  3985 | D:4      | Found a blossoming altar of Fedhas.
  4005 | D:4      | Found an iron altar of Okawaru.
  4188 | D:4      | Noticed pigah's ghost (amateur OpWn)
  4274 | D:4      | Reached XP level 8. HP: 57/61 MP: 8/8
  4437 | D:4      | Found an ancient bone altar of Kikubaaqudgha.
  4456 | D:4      | Reached skill level 1 in Short Blades
  4651 | D:5      | Entered Level 5 of the Dungeon
  4904 | D:4      | Found a burning altar of Makhleb.
  4904 | D:4      | Found a stormy altar of Qazlal.
  4925 | D:4      | Became a worshipper of Warmaster Okawaru
  5000 | D:5      | HP: 1/61 [water moccasin (5)]
  5011 | D:5      | Gained mutation: You have large cloven feet. [potion of
                  | mutation]
  5011 | D:5      | Gained mutation: You are agile. (Dex +4, Str/Int -1)
                  | [potion of mutation]
  5014 | D:5      | Slain by a water moccasin

Illustrated notes

Levels and vault maps discovered:
D:1:      dpeg_arrival_tiny_f, layout_rooms, chequers_ecumenical_altar_simple,
          grunt_decor_mini_mirrors, minmay_misc_feat_doors,
          nicolae_concentric_dashed_squares_mild
D:2:      layout_rooms, uniq_jessica, uniq_robin, uniq_terence
D:3:      layout_basic, lemuel_blue_sif_altar, nicolae_hexahallways,
          chequers_avenue, minmay_misc_feat_roman, nrook_uturn, uniq_natasha
D:4:      kennysheep_six_static_rooms, layout_basic, kennysheep_vampire_church,
          nicolae_overflow_hidden_temple, enter_ossuary_3,
          ebering_ghost_disaster_area, uniq_duvessa
D:5:      layout_basic

Skill      XL: |  1  2  3  4  5  6  7  8 |
---------------+-------------------------+-----
Stealth        | 1 2 3 |  3.0
Fighting       | 3 4 |  4.8
Dodging        | 3 4 |  4.4
Ranged Weapons | 6 7 |  7.8
Short Blades   | 3 |  3.3

Action                   |  1- 3 |  4- 6 |  7- 9 || total
-------------------------+-------+-------+-------++-------
Melee: Unarmed           |       |     8 |    19 ||    27
       Dagger            |       |       |    43 ||    43
       Punch             |       |       |     3 ||     3
 Fire: Shortbow          |    50 |   214 |   207 ||   471
 Abil: Hop               |     1 |     7 |     3 ||    11
  Use: Potion            |       |     2 |     9 ||    11
       Scroll            |       |     5 |     3 ||     8
Armor: Leather armour    |     5 |    26 |    31 ||    62
       Skin              |       |    12 |    33 ||    45
Dodge: Dodged            |    12 |    78 |   105 ||   195

Table legend: (Time is in decaauts)
 A = Elapsed time spent in this place.
 B = Non-inter-level travel time spent in this place.
 C = Inter-level travel time spent in this place.
 D = Time resting spent in this place.
 E = Time spent auto-exploring this place.
 F = Levels seen in this place.
 G = Mean time per level.
                   A        B        C        D        E       F      G
               +--------+--------+--------+--------+--------+-----+--------+
         Total |   5732 |   5353 |    379 |     19 |   4090 |   6 |  955.3 |
       Dungeon |   4598 |   4219 |    379 |     19 |   3301 |   5 |  919.6 |
       Ossuary |   1134 |   1134 |      0 |      0 |    789 |   1 | 1134.0 |
               +--------+--------+--------+--------+--------+-----+--------+

Top non-repeatable levels by time:
     D:4: 1395 daAuts
     D:3: 1258 daAuts
 Ossuary: 1134 daAuts
     D:2: 807 daAuts
     D:1: 758 daAuts
     D:5: 379 daAuts
